 Dungeon Crawl Stone Soup version 0.27-a0-1084-g78b3836a5f (webtiles) character file.

Game seed: 2443310888019005122

74 tilp the Sneak (level 4, -1/24 HPs)
             Began as a Vine Stalker Brigand on Apr 27, 2021.
             Slain by Sigmund
             ... wielding a +0 vorpal scythe
              (2 damage)
             ... on level 2 of the Dungeon.
             The game lasted 00:02:36 (2084 turns).

tilp the Sneak (Vine Stalker Brigand)               Turns: 2084, Time: 00:02:36

Health: -1/24      AC:  4    Str: 20    XL:     4   Next: 30%
Magic:  0/5        EV: 11    Int: 11    God:
Gold:   129        SH:  0    Dex: 16    Spells: 3/3 levels left

rFire    . . .     SeeInvis .   a - +3 dagger
rCold    . . .     Faith    .   (no shield)
rNeg     . . .     Spirit   +   b - +0 robe
rPois    .         Reflect  .   j - +0 helmet
rElec    .         Harm     .   c - +0 cloak
rCorr    .         Rampage  .   (no gloves)
Will     .....                  (no boots)
Stlth    +++.......             (no amulet)
HPRegen  1.08/turn              f - +6 ring of strength
MPRegen  0.09/turn              (no ring)

@: no status effects
A: fangs 2, regeneration 1, magic shield, antimagic bite, no potion heal 2
a: no special abilities


You were on level 2 of the Dungeon.
You visited 1 branch of the dungeon, and saw 2 of its levels.

You collected 129 gold pieces.

Inventory:

Hand Weapons
 a - a +3 dagger (weapon)
Missiles
 d - 7 poisoned darts (quivered)
Armour
 b - a +0 robe (worn)
 c - a +0 cloak (worn)
 j - a +0 helmet (worn)
Jewellery
 f - a +6 ring of strength (left hand)
 g - a ring of ice
Scrolls
 h - a scroll of fear {unknown}
 k - a scroll of fog {unknown}
 l - a scroll of enchant armour {unknown}
Potions
 i - 2 potions of berserk rage {unknown}


   Skills:
 + Level 3.1 Fighting
 + Level 3.1 Short Blades
 - Level 1.7 Throwing
 - Level 0.7 Dodging
 - Level 4.8 Stealth


You had 3 spell levels left.
You didn't know any spells.
Your spell library contained the following spells:

 Spells                   Type           Power      Damage    Failure   Level
 Freeze                   Ice            0%         1d3       34%         1
 Frozen Ramparts          Ice            0%         1d2       71%         3
 Ozocubu's Armour         Ice            0%         N/A       71%         3
 Hailstorm                Conj/Ice       0%         3d3       98%         4
 Metabolic Englaciation   Hex/Ice        0%         N/A       100%        5


Dungeon Overview and Level Annotations

Branches:
Dungeon (2/15)

Altars:

Annotations:
D:2 Sigmund


Innate Abilities, Weirdness & Mutations

You have extremely sharp teeth.
Your natural rate of healing is unusually fast.
When hurt, damage is shared between your health and your magic reserves.
Your bite disrupts and absorbs the magic of your enemies.
Potions cannot restore your health.


Message History

You hit the worm. You bite the worm. You drain its power.
The worm is heavily wounded.
You hit the worm but do no damage. You bite the worm. You drain its power.
The worm is severely wounded.
The worm bites you.
You hit the worm.
The worm is almost dead.
You hit the worm. You bite the worm.
You kill the worm!
Magic restored.
You open the door.
There is an open door here.
You see here 19 arrows.
There is a fountain of clear blue water here.
You see here a +0 hunting sling.
Sigmund gestures at you while chanting. You resist with some effort.
Throw: dart (curare) {!f}
Press: ? - help, Shift-Dir - straight line, f - Sigmund
Aim: Sigmund, wielding a +0 vorpal scythe and wearing a +2 robe of willpower (57% to hit)
You throw a curare-tipped dart {!f}.
The curare-tipped dart {!f} hits Sigmund.
Sigmund is poisoned.
Sigmund convulses.
Sigmund seems to slow down.
Sigmund is lightly wounded.
Sigmund gestures at you while chanting. The magic dart hits you!
You aren't carrying any items that you can evoke.
Sigmund hits you with a +0 vorpal scythe!
* * * LOW HITPOINT WARNING * * *
You closely miss Sigmund. You bite Sigmund.
Sigmund's magic leaks into the air.
You drain his magic.
You feel invigorated.
Sigmund is moderately wounded.
Sigmund points at himself and mumbles some strange words.
Sigmund flickers and vanishes!
Deactivating autopickup; reactivate with Ctrl-A.
You hit something. You bite something.
Unknown command.
You hit something. Something hits you!
* * * LOW HITPOINT WARNING * * *
You die...

..#...#...#######
..#...#..........#
..#...#..........#
..#...#..........#
.##...#..........#
.##...#..........#
.##...##.........#########
.....{...................#
########........@#######.#
.......#.......{.# #.#
######.#.........# #.#
#.#.........# #.#
#.#........(# #.#
#.########### #.# #.# #.#
#.# #.# #.# #.#


There were no monsters in sight!

Vanquished Creatures
  2 gnolls (D:1)
  An adder (D:2)
  A worm (D:2)
  4 endoplasms (D:1)
  A giant cockroach (D:1)
  3 goblins
  6 hobgoblins
  4 jackals (D:1)
  3 quokkas
  3 ball pythons
  7 bats
  3 frilled lizards (D:1)
  2 kobolds (D:1)
  3 rats (D:2)
43 creatures vanquished.

Vanquished Creatures (others)
  9 plants (D:1)
9 creatures vanquished.

Grand Total: 52 creatures vanquished

Notes
Turn   | Place    | Note
-------+----------+-------------------------------------------
     0 | D:1      | tilp the Vine Stalker Brigand began the quest for the Orb.
     0 | D:1      | Reached XP level 1. HP: 11/11 MP: 2/2
   249 | D:1      | Reached XP level 2. HP: 15/15 MP: 3/3
   601 | D:1      | Reached XP level 3. HP: 19/19 MP: 4/4
   817 | D:1      | Found a faded altar of an unknown god.
  1681 | D:2      | Gained mutation: Your natural rate of healing is unusually
                  | fast. [Vine Stalker growth]
  1681 | D:2      | Reached XP level 4. HP: 20/24 MP: 3/5
  1755 | D:2      | Noticed Sigmund
  2084 | D:2      | HP: 1/24 [something (8)]
  2084 | D:2      | Slain by Sigmund

Illustrated notes

Levels and vault maps discovered:
D:1:      minmay_arrival_five_plusses, layout_rooms, serial_forest,
          infiniplex_forest_clump_medium, infiniplex_forest_clump_cross,
          infiniplex_forest_clump_small, infiniplex_forest_clump_curved,
          infiniplex_forest_straight_5, infiniplex_forest_straight_1,
          infiniplex_forest_diagonal, shapermc_ecumenical_altar_totnotflames,
          kennysheep_boxes
D:2:      layout_basic, minmay_circle_x, uniq_sigmund

Skill      XL: |  1  2  3 |
---------------+----------+-----
Fighting       | 2 3 |  3.1
Short Blades   | 2 3 |  3.1
Throwing       | |  1.7
Dodging        | |  0.7
Stealth        | |  4.8

Action                   |  1- 3 |  4- 6 || total
-------------------------+-------+-------++-------
Melee: Dagger            |    95 |    24 ||   119
       Bite              |    24 |    12 ||    36
Throw: Dart              |    11 |     2 ||    13
  Use: Scroll            |     3 |       ||     3
 Stab: Sleeping          |     8 |     1 ||     9
Armor: Robe              |    19 |     3 ||    22
Dodge: Dodged            |    53 |    13 ||    66

Table legend: (Time is in decaauts)
 A = Elapsed time spent in this place.
 B = Non-inter-level travel time spent in this place.
 C = Inter-level travel time spent in this place.
 D = Time resting spent in this place.
 E = Time spent auto-exploring this place.
 F = Levels seen in this place.
 G = Mean time per level.
                   A        B        C        D        E       F      G
               +--------+--------+--------+--------+--------+-----+--------+
         Total |   2067 |   2031 |     36 |    166 |   1527 |   2 | 1033.5 |
       Dungeon |   2067 |   2031 |     36 |    166 |   1527 |   2 | 1033.5 |
               +--------+--------+--------+--------+--------+-----+--------+

Top non-repeatable levels by time:
     D:1: 1378 daAuts
     D:2: 689 daAuts
